 Dungeon Crawl Stone Soup version 0.29-a0-88-g03a7b78be7 (webtiles) character file.

Game seed: 9736669147734717181

293 gruber the Ruffian (level 6, -1/52 HPs)
             Began as a Draconian Transmuter on Feb 6, 2022.
             Slain by a killer bee (8 damage)
             ... on level 4 of the Dungeon.
             The game lasted 00:05:33 (3960 turns).

gruber the Ruffian (Draconian Transmuter)           Turns: 3960, Time: 00:05:34

Health: -1/52      AC:  6    Str: 12    XL:     6   Next: 11%
Magic:  9/9        EV: 20    Int: 16    God:
Gold:   152        SH:  0    Dex: 11    Spells: 3/9 levels left

rFire   . . .      SeeInvis .     - Unarmed
rCold   . . .      Faith    .   (no shield)
rNeg    . . .      Spirit   .   (armour unavailable)
rPois   .          Reflect  .   (helmet restricted)
rElec   .          Harm     .   (no cloak)
rCorr   .          Rampage  .   (no gloves)
Will    .....                   (no boots)
Stlth   +.........              (no amulet)
HPRegen 0.17/turn               b - +4 ring of evasion
MPRegen 0.11/turn               l - +4 ring of evasion

@: confused, lethally poisoned (-1 -> -20), ambrosia-drunk
A: AC +6, unfitting armour, cold-blooded
a: no special abilities


You were on level 4 of the Dungeon.
You visited 1 branch of the dungeon, and saw 4 of its levels.

You collected 152 gold pieces.

Inventory:

Jewellery
 b - a +4 ring of evasion (left hand)
 g - a ring of willpower
 l - a +4 ring of evasion (right hand)
Scrolls
 a - a scroll of amnesia
 c - 3 scrolls of identify
 d - a scroll of magic mapping {unknown}
 e - a scroll of immolation {unknown}
 f - a scroll of teleportation {unknown}
 k - a scroll of acquirement {unknown}
Potions
 i - a potion of attraction {unknown}
 j - a potion of magic {unknown}


   Skills:
 - Level 4.0 Fighting
 - Level 1.7 Dodging
 * Level 5.8 Unarmed Combat
 - Level 2.0 Spellcasting
 - Level 2.0 Transmutations


You had 3 spell levels left.
You knew the following spells:

 Your Spells              Type           Power      Damage    Failure   Level
a - Beastly Appendage     Tmut           16%        N/A       9%          1
b - Wereblood             Tmut           8%         N/A       14%         2
c - Spider Form           Tmut/Pois      4%         N/A       38%         3

Your spell library contained the following spells:

 Spells                   Type           Power      Damage    Failure   Level
 Foxfire                  Conj/Fire      4%         2x1d4     21%         1
 Conjure Flame            Conj/Fire      1%         6-21      52%         3
 Gell's Gravitas          Tloc           1%         N/A       52%         3
 Inner Flame              Hex/Fire       1%         N/A       52%         3
 Lesser Beckoning         Tloc           1%         N/A       52%         3
 Teleport Other           Tloc           1%         N/A       52%         3
 Ice Form                 Ice/Tmut       4%         N/A       80%         4
 Flame Wave               Conj/Fire      1%         2d4       90%         4


Dungeon Overview and Level Annotations

Branches:
Dungeon (4/15)
 Temple: D:4-7

Altars:
Elyvilon
Yredelemnul


Innate Abilities, Weirdness & Mutations

Your plain brown scales are hard. (AC +6)
You cannot fit into any form of body armour.
You are cold-blooded and may be slowed by cold attacks.


Message History

The killer bee closely misses you.
You feel sick. The killer bee closely misses you. The killer bee misses you.
The killer bee stings you. x2
You are more poisoned.
The killer bee poisons you! The killer bee misses you.
The killer bee completely misses you.
Your horns disappear.
Your talons disappear.
You feel very sick.
The killer bee barely misses you. x2; The killer bee closely misses you.
The killer bee completely misses you. The killer bee closely misses you.
The killer bee barely misses you.
You feel very sick.
The killer bee closely misses you. x2; The killer bee barely misses you.
The killer bee completely misses you. The killer bee stings you.
You are more poisoned.
The killer bee poisons you! The killer bee closely misses you.
You feel very sick. The killer bee barely misses you.
The killer bee misses you.
The killer bee barely misses you. x2; The killer bee closely misses you.
The killer bee barely misses you.
You feel very sick. The killer bee stings you.
You are more poisoned.
The killer bee poisons you! The killer bee barely misses you.
The killer bee misses you. The killer bee stings you.
You are more poisoned.
The killer bee poisons you! The killer bee barely misses you.
The killer bee completely misses you.
* * * LOW HITPOINT WARNING * * *
You feel very sick. The killer bee completely misses you.
The killer bee barely misses you. The killer bee closely misses you.
The killer bee completely misses you. The killer bee barely misses you.
The killer bee closely misses you.
* * * LOW HITPOINT WARNING * * *
You feel very sick.
The killer bee stings you but does no damage.
The killer bee closely misses you. The killer bee stings you!
* * * LOW HITPOINT WARNING * * *
The killer bee completely misses you. The killer bee stings you!
You die...

#.### #########
#....# #@yy....#
#.....# #yy.....#
#......##y......#
.......#........#
.........#..###..
...................#
..........#####....#
##.......#.# #....
#..........# ##....


You could see 5 killer bees.

Vanquished Creatures
  A scorpion (D:4)
  A gnoll shaman (D:4)
  Jessica (D:2)
  Terence (D:2)
  3 gnolls
  5 adders
  2 adder zombies (D:3)
  2 worms
  2 dart slugs
  4 orcs (D:3)
  3 endoplasms
  2 giant cockroaches
  6 goblins
  3 hobgoblins
  7 kobolds
  2 quokkas
  5 ball pythons
  4 bats
  5 frilled lizards
  3 rats
62 creatures vanquished.

Vanquished Creatures (others)
  3 plants (D:4)
3 creatures vanquished.

Grand Total: 65 creatures vanquished

Notes
Turn   | Place    | Note
-------+----------+-------------------------------------------
     0 | D:1      | gruber the Draconian Transmuter began the quest for the
                  | Orb.
     0 | D:1      | Reached XP level 1. HP: 16/16 MP: 3/3
   478 | D:1      | Reached XP level 2. HP: 25/25 MP: 3/5
   606 | D:1      | Found a faded altar of an unknown god.
  1126 | D:2      | Noticed Jessica
  1152 | D:2      | Killed Jessica
  1153 | D:2      | Reached XP level 3. HP: 12/33 MP: 6/6
  1669 | D:2      | Learned a level 2 spell: Wereblood
  1712 | D:2      | Reached XP level 4. HP: 37/40 MP: 5/7
  1790 | D:2      | Noticed Terence
  1802 | D:2      | Killed Terence
  1988 | D:2      | Reached skill level 4 in Unarmed Combat
  2386 | D:2      | Learned a level 3 spell: Spider Form
  3168 | D:3      | Reached XP level 5. HP: 41/46 MP: 8/8
  3314 | D:3      | Found a basalt altar of Yredelemnul.
  3651 | D:4      | Reached skill level 5 in Unarmed Combat
  3770 | D:4      | Found a white marble altar of Elyvilon.
  3916 | D:4      | Reached XP level 6. HP: 52/52 MP: 7/9
  3960 | D:4      | Slain by a killer bee

Illustrated notes

Levels and vault maps discovered:
D:1:      ebering_hopf_link, layout_basic,
          shapermc_ecumenical_altar_totnotflames
D:2:      layout_loops_ring, uniq_jessica, uniq_terence
D:3:      layout_basic, lemuel_zombie_altar_yredelemnul, dk_vineyard_2
D:4:      layout_rooms, overflow_temple_1_default,
          nicolae_wu_jian_immortal_techniques,
          minmay_temple_entry_gardened_gates, serial_forest,
          infiniplex_forest_lined_room_, infiniplex_forest_zigzag_1,
          infiniplex_forest_end_2, infiniplex_forest_end_3,
          infiniplex_forest_lined_3_way, infiniplex_forest_straight_4,
          infiniplex_forest_split

Skill      XL: |  1  2  3  4  5 |
---------------+----------------+-----
Fighting       | 2 3 4 |  4.0
Unarmed Combat | 4 5 |  5.8
Dodging        | |  1.7
Spellcasting   | |  2.0
Transmutations | |  2.0

Action                   |  1- 3 |  4- 6 || total
-------------------------+-------+-------++-------
Melee: Unarmed           |    89 |   151 ||   240
       Kick              |    18 |    28 ||    46
       Tailslap          |    11 |    22 ||    33
       Headbutt          |     7 |    12 ||    19
       Punch             |     1 |     6 ||     7
 Cast: Beastly Appendage |    16 |    26 ||    42
  Use: Scroll            |       |     1 ||     1
       Potion            |       |     1 ||     1
Armor: Skin              |    17 |    28 ||    45
Dodge: Dodged            |    78 |   166 ||   244

Table legend: (Time is in decaauts)
 A = Elapsed time spent in this place.
 B = Non-inter-level travel time spent in this place.
 C = Inter-level travel time spent in this place.
 D = Time resting spent in this place.
 E = Time spent auto-exploring this place.
 F = Levels seen in this place.
 G = Mean time per level.
                   A        B        C        D        E       F      G
               +--------+--------+--------+--------+--------+-----+--------+
         Total |   3945 |   3799 |    146 |     55 |   3143 |   4 |  986.2 |
       Dungeon |   3945 |   3799 |    146 |     55 |   3143 |   4 |  986.2 |
               +--------+--------+--------+--------+--------+-----+--------+

Top non-repeatable levels by time:
     D:2: 1288 daAuts
     D:3: 1161 daAuts
     D:1: 1107 daAuts
     D:4: 387 daAuts
